 Dungeon Crawl Stone Soup version 0.19.0-9-gfd783f2 (webtiles) character file.

522 Leybi the Digger (level 7, 0/38 HPs)
             Began as a Gargoyle Earth Elementalist on Nov 7, 2016.
             Was an Initiate of Vehumet.
             Slain by Edmund
             ... wielding a +3 flail of protection
              (5 damage)
             ... on level 4 of the Dungeon.
             The game lasted 00:22:55 (4875 turns).

Leybi the Digger (Gargoyle Earth Elementalist)      Turns: 4875, Time: 00:22:56

Health: 0/38       AC:  9    Str: 12    XL:     7   Next: 22%
Magic:  2/15       EV: 12    Int: 17    God:    Vehumet [......]
Gold:   47         SH:  0    Dex: 10    Spells: 2 memorised, 13 levels left

rFire  + . .     SeeInvis .     i - +0 whip
rCold  + . .     Gourm    .     c - +0 robe
rNeg   + . .     Faith    .     (no shield)
rPois  ∞         Spirit   .     (no helmet)
rElec  +         Reflect  .     (no cloak)
rCorr  +         Harm     .     (no gloves)
MR     +....                    x - +2 pair of boots {run}
Stlth  ++........               (no amulet)
                                (no ring)
                                y - ring of protection from magic

@: resistant, quick
A: negative energy resistance 1, electricity resistance, unbreathing,
petrification resistance, rot immunity, AC +4
a: Renounce Religion


You were on level 4 of the Dungeon.
You worshipped Vehumet.
Vehumet was noncommittal.
You were very hungry.

You visited 1 branch of the dungeon, and saw 4 of its levels.

You collected 246 gold pieces.
You spent 199 gold pieces at shops.

Inventory:

Hand Weapons
 i - a +0 whip (weapon)
Missiles
 b - 16 stones (quivered)
Armour
 c - a +0 robe (worn)
 x - a +2 pair of boots of running (worn)
Jewellery
 y - a ring of protection from magic (left hand)
Wands
 v - a wand of paralysis (8/24)
Scrolls
 a - 2 scrolls of amnesia {unknown}
 k - a scroll of immolation {unknown}
 l - 2 scrolls of fear {unknown}
 m - 2 scrolls of fog {unknown}
 n - a scroll of recharging {unknown}
 r - 2 scrolls of remove curse
 t - 4 scrolls of enchant weapon {unknown}
 B - a scroll of enchant armour {unknown}
Potions
 g - a potion of brilliance {unknown}
 h - 2 potions of resistance
 j - a potion of degeneration {unknown}
 p - a potion of lignification {unknown}
 q - a potion of curing {unknown}
 u - a potion of ambrosia {unknown}
Books
 e - a book of Geomancy

   Spells                             Type                      Level
   a - Sandblast                      Earth                        1
   b - Passwall                       Transmutation/Earth          2
   c - Stone Arrow                    Conjuration/Earth            3
   d - Petrify                        Transmutation/Earth          4
   e - Lee's Rapid Deconstruction     Earth                        5
Comestibles
 d - 2 bread rations
 f - 4 meat rations
 o - 4 fruits
 s - a royal jelly
 w - a slice of pizza


   Skills:
 + Level 1.5 Fighting
 - Level 1.5 Dodging
 - Level 2.1 Stealth
 * Level 5.5 Spellcasting
 + Level 1.6 Conjurations
   Level 0.7 Transmutations
 + Level 5.9 Earth Magic


You had 13 spell levels left.
You knew the following spells:

 Your Spells              Type           Power        Failure   Level  Hunger
a - Sandblast             Erth           ####..       1%          1    None
b - Stone Arrow           Conj/Erth      ###...       10%         3    ##.....


Dungeon Overview and Level Annotations

Branches:
Dungeon (4/15)
 Temple: D:4-7

Altars:
Hepliaklqana
Okawaru
Vehumet

Shops:
D:4 [*

Annotations:
D:3 cedor's ghost, amateur HEAr
D:4 Edmund


Innate Abilities, Weirdness & Mutations

You are resistant to torment.
Your stone body is resilient. (AC +4)
You are immune to poison.
You resist negative energy. (rN+)
You are resistant to electric shocks. (rElec)
You can survive without breathing.
You are immune to petrification.
You are immune to rotting.


Message History

Edmund is heavily wounded.
Edmund hits you but does no damage.
You hit Edmund.
Edmund is heavily wounded.
Edmund hits you with a flail of protection.
* * * LOW HITPOINT WARNING * * *
You closely miss Edmund.
Edmund is heavily wounded.
Edmund hits you but does no damage.
You hit Edmund but do no damage.
Edmund is heavily wounded.
Edmund hits you with a flail of protection.
* * * LOW HITPOINT WARNING * * *
You barely miss Edmund.
Edmund is heavily wounded.
Edmund closely misses you.
It was a potion of resistance.
You feel protected.
Edmund hits you with a flail of protection.
You die...

##.##.#.#..#
...##)#.#..########
...##.#.#....@..[.#
..>##[#)#.######.##
...##.#.#.# #.#
......)<#.# #.#
##.##.#.#.# #.#
##'##'#'#.# #@#
..........# #@#
......[...# ###
..........#
..........#
..........#
..........#
..........#
..........#
..........#


You could see Edmund.

Vanquished Creatures
  A water moccasin (D:4)
  An ogre (D:4)
  A bullfrog (D:4)
  A centaur zombie (D:4)
  An orc priest (D:3)
  An iguana (D:4)
  A worker ant (D:4)
  Robin (D:4)
  2 adders
  An ooze (D:3)
  An adder skeleton (D:3)
  2 worms
  4 dart slugs
  2 leopard geckos (D:3)
  9 orcs
  6 bats
  5 giant cockroaches
  20 goblins
  15 hobgoblins
  13 kobolds
  2 ball pythons (D:4)
  4 frilled lizards
  6 rats
100 creatures vanquished.

Notes
Turn   | Place    | Note
-------+----------+-------------------------------------------
     0 | D:1      | Leybi the Gargoyle Earth Elementalist began the quest for the Orb.
     0 | D:1      | Reached XP level 1. HP: 10/10 MP: 3/3
   147 | D:1      | Reached XP level 2. HP: 14/15 MP: 1/5
   655 | D:1      | Reached XP level 3. HP: 19/19 MP: 0/7
  1711 | D:2      | Reached XP level 4. HP: 24/24 MP: 3/9
  1764 | D:2      | Learned a level 3 spell: Stone Arrow
  2032 | D:3      | Noticed cedor's ghost (amateur HEAr)
  2729 | D:3      | Reached XP level 5. HP: 28/28 MP: 0/11
  2837 | D:3      | Found a radiant altar of Vehumet.
  2959 | D:4      | Reached skill level 5 in Earth Magic
  3656 | D:4      | Noticed an ogre
  3662 | D:4      | Killed an ogre
  3662 | D:4      | Reached skill level 5 in Spellcasting
  3662 | D:4      | Reached XP level 6. HP: 11/32 MP: 9/13
  3875 | D:4      | Found Gimpext's Antique Armour Boutique.
  3878 | D:4      | Bought a pair of glowing boots for 199 gold pieces
  3883 | D:4      | Identified a +2 pair of boots of running (You bought it in a shop on level 4 of the Dungeon)
  3919 | D:4      | Found Xogroax's Serpentskin Sales.
  3919 | D:4      | Noticed a water moccasin
  3923 | D:4      | Killed a water moccasin
  4029 | D:4      | Found an iron altar of Okawaru.
  4048 | D:4      | Noticed Robin
  4056 | D:4      | Reached skill level 1 in Fighting
  4056 | D:4      | Reached skill level 1 in Conjurations
  4056 | D:4      | Reached XP level 7. HP: 28/38 MP: 9/15
  4208 | D:3      | Became a worshipper of Vehumet
  4261 | D:4      | Killed Robin
  4593 | D:4      | Noticed Edmund
  4807 | D:3      | Found a hazy altar of Hepliaklqana.
  4875 | D:4      | Slain by Edmund

Skill      XL: |  1  2  3  4  5  6 |
---------------+-------------------+-----
Earth Magic    | 4 5 |  5.9
Spellcasting   | 3 4 5 |  5.5
Fighting       | 1 |  1.5
Conjurations   | 1 |  1.6
Dodging        | |  1.5
Stealth        | |  2.1
Transmutations | |  0.7

Action                   |  1- 3 |  4- 6 |  7- 9 || total
-------------------------+-------+-------+-------++-------
Melee: Whip              |    29 |    21 |    32 ||    82
       Unarmed           |     1 |       |       ||     1
 Cast: Sandblast         |    69 |    97 |    65 ||   231
  Use: Scroll            |       |       |     1 ||     1
       Potion            |       |       |     1 ||     1
  Eat: Chunk             |     3 |     7 |     1 ||    11
Armor: Robe              |    50 |    27 |    33 ||   110
Dodge: Dodged            |   103 |    49 |    52 ||   204
